 Dungeon Crawl Stone Soup version 0.29-a0-275-g389c0b56f3 (webtiles) character file.

Game seed: 5252381766641958321

7618 drugrobin the Cleaver (level 10, -1/94 HPs)
             Began as a Demigod Fighter on Mar 12, 2022.
             Slain by a death yak (5 damage)
             ... on level 9 of the Dungeon.
             The game lasted 00:34:13 (9390 turns).

drugrobin the Cleaver (Demigod Fighter)             Turns: 9390, Time: 00:34:14

Health: -1/94      AC: 20    Str: 24 (27) XL:     10   Next: 66%
Magic:  13/13      EV:  6    Int:  7 (8)  God:
Gold:   531        SH:  4    Dex: 11 (13) Spells: 9/9 levels left

rFire   x . .      SeeInvis .   c - +2 dagger (venom)
rCold   + . .      Faith    .   s - +0 buckler
rNeg    . . .      Spirit   .   M - +0 plate armour
rPois   .          Reflect  .   u - +0 helmet
rElec   .          Harm     .   H - +2 cloak
rCorr   .          Rampage  .   m - +0 pair of gloves
Will    +....                   (no boots)
Stlth   ..........              (no amulet)
HPRegen 0.25/turn               r - +4 ring of protection
MPRegen 0.13/turn               F - ring of ice

@: attractive, hasted, invisible, very quick
A: high MP 1, forlorn, divine attributes, dopey 1, weak 1
a: no special abilities


You were on level 9 of the Dungeon.
You visited 1 branch of the dungeon, and saw 9 of its levels.
You also visited: Bailey.

You collected 531 gold pieces.

Inventory:

Hand Weapons
 a - the +11 hand axe of Generosity {freeze, +Blink rF+ rC-}
   (You found it on level 5 of the Dungeon)

   It freezes those it strikes, dealing additional cold damage.
   It can also slow down cold-blooded creatures.
   rF:        It protects you from fire.
   rC:        It makes you vulnerable to cold.
   +Blink:    It lets you blink.
 b - a +0 hunting sling
 c - a +2 dagger of venom (weapon)
 d - a +5 whip of flaming
 v - a +0 broad axe
Missiles
 l - 5 javelins
 p - 6 boomerangs (quivered)
 t - 20 poisoned darts
Armour
 m - a +0 pair of gloves (worn)
 s - a +0 buckler (worn)
 u - a +0 helmet (worn)
 H - a +2 cloak (worn)
 M - a +0 plate armour (worn)
Jewellery
 r - a +4 ring of protection (left hand)
 F - a ring of ice (right hand)
Wands
 j - a wand of mindburst (14)
 y - a wand of charming (8)
 E - a wand of iceblast (6)
 I - a wand of flame (18)
Scrolls
 f - 3 scrolls of enchant armour
 k - 2 scrolls of torment
 n - a scroll of fear
 o - 5 scrolls of teleportation
 q - 2 scrolls of immolation
 x - 3 scrolls of enchant weapon
 D - a scroll of acquirement {unknown}
 J - a scroll of summoning {unknown}
Potions
 e - 2 potions of invisibility
 g - a potion of attraction
 h - a potion of magic
 i - 3 potions of mutation
 w - a potion of haste
 z - a potion of brilliance {unknown}
 A - a potion of berserk rage {unknown}
 B - 3 potions of degeneration
 C - a potion of heal wounds {unknown}
 G - 4 potions of curing
 O - a potion of cancellation {unknown}


   Skills:
 + Level 10.7 Fighting
 + Level 11.0 Axes
 - Level 2.6 Armour
 - Level 2.6 Shields
 - Level 4.0 Evocations


You had 9 spell levels left.
You didn't know any spells.
Your spell library contained the following spells:

 Spells                   Type           Power      Damage    Failure   Level
 Sandblast                Erth           0%         2d4       100%        1
 Passwall                 Tmut/Erth      0%         N/A       100%        2
 Static Discharge         Conj/Air       0%         N/A       100%        2
 Gell's Gravitas          Tloc           0%         N/A       100%        3
 Lesser Beckoning         Tloc           0%         N/A       100%        3
 Stone Arrow              Conj/Erth      0%         3d7       100%        3
 Teleport Other           Tloc           0%         N/A       100%        3
 Tukima's Dance           Hex            0%         N/A       100%        3
 Anguish                  Hex/Necr       0%         N/A       100%        4
 Dispel Undead            Necr           0%         3d6       100%        4
 Sticky Flame             Conj/Fire      0%         2d3       100%        4
 Enfeeble                 Hex            0%         N/A       100%        7


Dungeon Overview and Level Annotations

Branches:
Dungeon (9/15)             Temple (0/1) D:5            Lair (0/6) D:9
 Bailey (visited)
    Orc: D:9-12

Shops:
D:3 (

Annotations:
D:8 1 runed translucent door, AlmostDecent's ghost, novice DjCj; Amaemon


Innate Abilities, Weirdness & Mutations

You have an increased reservoir of magic. (+10% MP)
You shall have no god before yourself.
Your divine heritage dramatically boosts your attributes as you level up.
You are dopey. (Int -2)
You are weak. (Str -2)


Message History

Press: ? - help, Shift-Dir - straight line, f/p - death yak
Aim: a death yak (heavily wounded, very poisoned)
Okay, then.
Unknown command.
Okay, then.
Okay, then.
There is an open door here.
There is a stormy altar of Qazlal here.
Okay, then.
The death yak looks more healthy.
There is an open door here.
Okay, then.
It was a potion of mutation.
You feel extremely strange.
You feel weaker.
You feel stupid.
It was a potion of invisibility.
You fade into invisibility!
The death yak gores you.
You catch the helpless death yak completely off-guard!
You puncture the death yak!
The death yak is poisoned.
The death yak is severely wounded.
The death yak gores you!!
* * * LOW HITPOINT WARNING * * *
Unknown command.
You feel better. The death yak gores you!
* * * LOW HITPOINT WARNING * * *
Unknown command.
Okay, then.
Unknown command.
Unknown command.
It was a potion of degeneration.
There was something very wrong with that liquid.
You feel weakened.
You feel dopey.
You feel clumsy. You block the death yak's attack.
It was a potion of attraction.
You feel attractive to monsters.
The death yak gores you but does no damage.
It was a potion of magic.
Magic courses through your body. The death yak barely misses you.
It was a potion of haste.
You feel yourself speed up. The death yak gores you.
You die...

#............... #..
#.....########+##≈P♣
#.....'........#≈♣♣≈
#.....#........♣♣≈≈≈
#.....#........≈≈P♣≈
#.....#.......♣≈≈≈P≈
#.....#######P♣≈≈♣≈≈
#####.......#P♣≈PP≈≈
#..@#.......≈♣P≈≈≈≈≈
#..Y#..)....♣♣♣≈♣≈≈≈
#...#.......≈♣≈≈≈≈≈≈
#...#.......♣♣≈≈≈≈≈≈
###'#......≈♣ ≈S≈≈≈≈
##..#####..♣♣♣≈≈≈≈≈≈
#.......#..≈≈≈≈≈≈≈
#.......#..♣♣≈≈≈≈≈
##.......#..♣♣ ≈≈≈≈


You could see a death yak (can't see you, poisoned).

Vanquished Creatures
  2 vault guards (Bailey)
  A death yak (D:9)
  A kobold demonologist (D:9)
  Prince Ribbit (D:7)
  A wraith (D:9)
  5 yaks (D:9)
  2 wyverns
  6 humans (Bailey)
  2 steam dragons
  Menkaure (D:7)
  An acid dragon (D:8)
  2 black bears (D:6)
  An ogre (D:7)
  2 centaurs
  2 phantoms
  2 kobold brigands
  A gnoll sergeant (D:8)
  6 bullfrogs
  2 scorpions (D:6)
  4 wights
  A necrophage (D:5)
  4 killer bees (D:9)
  A bullfrog zombie (D:5)
  4 jellies
  4 hounds
  An orc priest (D:6)
  A human zombie (D:5)
  2 gnoll shamans
  A scorpion zombie (D:5)
  3 iguanas
  5 orc wizards
  5 hound zombies (D:5)
  A mummy (D:5)
  A howler monkey zombie (D:5)
  Robin (D:2)
  13 gnolls
  9 adders
  4 white imps (D:6)
  5 ufetubi
  A worm (D:3)
  2 dart slugs
  14 orcs
  11 ball pythons
  5 bats
  5 endoplasms
  4 giant cockroaches
  16 goblins
  14 hobgoblins
  7 jackals
  13 kobolds
  2 quokkas (D:2)
  3 frilled lizards
  5 rats
213 creatures vanquished.

Vanquished Creatures (others)
  A blink frog (Bailey)
  15 plants (D:9)
16 creatures vanquished.

Grand Total: 229 creatures vanquished

Notes
Turn   | Place    | Note
-------+----------+-------------------------------------------
     0 | D:1      | drugrobin the Demigod Fighter began the quest for the Orb.
     0 | D:1      | Reached XP level 1. HP: 18/18 MP: 3/3
    62 | D:1      | Reached skill level 2 in Axes
   164 | D:1      | Reached XP level 2. HP: 22/25 MP: 4/4
   460 | D:1      | Reached skill level 3 in Axes
   872 | D:2      | Reached XP level 3. HP: 28/30 MP: 5/5
  1154 | D:2      | Noticed Robin
  1503 | D:2      | Killed Robin
  1977 | D:3      | Found Emuy's Weapon Shop.
  1984 | D:3      | Reached XP level 4. HP: 38/38 MP: 6/6
  2122 | D:3      | Reached skill level 4 in Axes
  2307 | D:3      | Found the +7 Throatcutter {drain, coup de grace}
  2824 | D:4      | Reached XP level 5. HP: 45/45 MP: 7/7
  3242 | D:5      | Entered Level 5 of the Dungeon
  3351 | D:5      | Found a staircase to the Ecumenical Temple.
  3426 | D:5      | Reached skill level 5 in Axes
  3426 | D:5      | Reached XP level 6. HP: 47/53 MP: 8/8
  3613 | D:5      | Identified the +11 hand axe of Generosity {freeze, +Blink
                  | rF+ rC-}
  3830 | D:5      | Reached skill level 5 in Fighting
  3861 | D:5      | Reached XP level 7. HP: 56/61 MP: 9/9
  3954 | D:6      | Reached skill level 6 in Axes
  4137 | D:6      | Reached skill level 1 in Evocations
  4237 | D:6      | Noticed a steam dragon
  4249 | D:6      | Killed a steam dragon
  4250 | D:6      | Reached XP level 8. HP: 45/71 MP: 10/10
  4393 | D:6      | Reached skill level 7 in Axes
  5769 | D:7      | Noticed Prince Ribbit
  5791 | D:7      | Killed Prince Ribbit
  6039 | D:7      | Noticed Menkaure
  6097 | D:7      | Killed Menkaure
  6522 | D:7      | Reached skill level 8 in Axes
  6522 | D:7      | Reached XP level 9. HP: 61/79 MP: 11/11
  6942 | D:8      | Found a flagged portal.
  7022 | Bailey   | Entered a bailey
  7117 | Bailey   | Reached skill level 9 in Axes
  7135 | Bailey   | Noticed a vault guard
  7152 | Bailey   | Killed a vault guard
  7424 | Bailey   | Noticed a vault guard
  7436 | Bailey   | Killed a vault guard
  7437 | Bailey   | Reached XP level 10. HP: 86/91 MP: 13/13
  7663 | D:8      | Reached skill level 10 in Axes
  7961 | D:8      | Found a runed translucent door.
  7962 | D:8      | Noticed AlmostDecent's ghost (novice DjCj)
  7963 | D:8      | Noticed a +0 falchion of chaos
  8079 | D:8      | Noticed Amaemon
  8430 | D:9      | Noticed a death yak
  8430 | D:9      | Noticed a death yak
  8478 | D:9      | Reached skill level 10 in Fighting
  8530 | D:9      | Found a staircase to the Lair.
  8533 | D:9      | Noticed a death yak
  9047 | D:9      | Killed a death yak
  9048 | D:9      | Reached skill level 11 in Axes
  9383 | D:9      | Gained mutation: You are weak. (Str -2) [potion of
                  | mutation]
  9383 | D:9      | Gained mutation: You are dopey. (Int -2) [potion of
                  | mutation]
  9386 | D:9      | HP: 3/94 [death yak (15)]
  9390 | D:9      | Slain by a death yak

Illustrated notes

Levels and vault maps discovered:
D:1:      wander_arrival_estate, layout_rooms, minmay_crystal_water,
          minmay_hexomino_r4
D:2:      layout_loops_cross, serial_glass, glass_columns_a, glass_columns_b,
          basic_altar, shapermc_ecumenical_altar_totnotflames, uniq_robin
D:3:      layout_loops_ring, mainiacjoe_overflow_six_doors_small, serial_shops,
          shop
D:4:      nicolae_cairo_tiling_large_dashed, layout_rooms
D:5:      layout_cave_pools, lemuel_mausoleum_altar_yredelemnul,
          lemuel_round_altar, nemelex_spade_bored_becter,
          minmay_temple_entry_antechambers
D:6:      minmay_bubble_buster, layout_layer_cave, nicolae_vehumet_radiance,
          nicolae_elyvilon_peaceful_grove, mainiacjoe_overflow_paths,
          nicolae_kikubaaqudgha_miasma_corner
D:7:      layout_basic, mainiacjoe_overflow_cross_hatched, uniq_menkaure,
          uniq_prince_ribbit1
D:8:      layout_loops_cross, lemuel_round_altar, nicolae_ru_awakened_eye,
          enter_bailey_5, ebering_ghost_xom, uniq_amaemon
D:9:      layout_gridville, kennysheep_mini_moat,
          nicolae_qazlal_style_of_elements, evilmike_ruin_ashenzari,
          mainiacjoe_overflow_surrounded_room, dpeg_lair_monsters,
          serial_bayou_lake_a

Skill      XL: |  1  2  3  4  5  6  7  8  9 10 |
---------------+-------------------------------+-----
Axes           | 2 3 4 5 6 8 9 11 | 11.0
Fighting       | 3 4 5 6 7 9 10 | 10.7
Evocations     | 2 4 |  4.0
Armour         | |  2.6
Shields        | |  2.6

Action                   |  1- 3 |  4- 6 |  7- 9 | 10-12 || total
-------------------------+-------+-------+-------+-------++-------
Melee: War axe           |    89 |     5 |       |       ||    94
       Dagger            |    43 |    24 |    11 |    16 ||    94
       Whip              |     4 |    90 |       |       ||    94
       Hand axe          |       |    37 |   197 |    82 ||   316
 Fire: Hunting sling     |     8 |     2 |       |       ||    10
Throw: Javelin           |       |     2 |     3 |       ||     5
       Dart              |       |       |    14 |    10 ||    24
       Boomerang         |       |       |       |     5 ||     5
Evoke: Wand              |       |       |     9 |       ||     9
  Use: Potion            |     1 |       |     1 |     7 ||     9
       Scroll            |       |       |     6 |     1 ||     7
 Stab: Invisible         |       |       |       |     1 ||     1
Armor: Scale mail        |    81 |    67 |    61 |       ||   209
       Chain mail        |       |       |    22 |       ||    22
       Plate armour      |       |       |       |    52 ||    52
Dodge: Dodged            |    69 |    59 |    78 |    31 ||   237
Block: Buckler           |    25 |    25 |    37 |    14 ||   101

Table legend: (Time is in decaauts)
 A = Elapsed time spent in this place.
 B = Non-inter-level travel time spent in this place.
 C = Inter-level travel time spent in this place.
 D = Time resting spent in this place.
 E = Time spent auto-exploring this place.
 F = Levels seen in this place.
 G = Mean time per level.
                   A        B        C        D        E       F      G
               +--------+--------+--------+--------+--------+-----+--------+
         Total |   9422 |   9068 |    354 |   1153 |   4862 |  10 |  942.2 |
       Dungeon |   8851 |   8497 |    354 |    989 |   4690 |   9 |  983.4 |
        Bailey |    570 |    570 |      0 |    164 |    172 |   1 |  570.0 |
               +--------+--------+--------+--------+--------+-----+--------+

Top non-repeatable levels by time:
     D:6: 1768 daAuts
     D:7: 1209 daAuts
     D:2: 1120 daAuts
     D:9: 963 daAuts
     D:8: 917 daAuts
     D:1: 793 daAuts
     D:3: 712 daAuts
     D:5: 709 daAuts
     D:4: 656 daAuts
  Bailey: 570 daAuts
